| TOP OF THE 1ST |
|
Bakersfield Bears batting - Pitching for Lodi Crushers : RHP Homer Moncrief
|
|
Pitching: RHP Homer Moncrief
|
|
|
Batting: LHB Kevin Waller
|
0-0: Called Strike 0-1: Ball 1-1: Swinging Strike 1-2: Fly out, F7 (Flyball, 7D, EV 100.0 MPH)
|
|
Batting: RHB Antonio Alicea
|
0-0: Ground out 6-3 (Groundball, 56, EV 83.8 MPH)
|
|
Batting: RHB Randy Kutcher
|
0-0: Foul Ball, location: 2F 0-1: Ball 1-1: SOLO HOME RUN (Flyball, 78XD, EV 101.9 MPH), Distance : 420 ft
|
|
Batting: LHB Gregory DeLaune
|
0-0: Ball 1-0: Foul Ball, location: 2F 1-1: Ball 2-1: Ball 3-1: Foul Ball, location: 2F 3-2: Base on Balls
|
|
Batting: RHB Trey Brooks
|
0-0: Foul Ball, location: 2F 0-1: Ball 1-1: Ground out 4-3 (Groundball, 4, EV 80.6 MPH)
|
| Top of the 1st over - 1 run, 1 hit, 0 errors, 1 left on base; Bakersfield 1 - Lodi 0 |
| BOTTOM OF THE 1ST |
|
Lodi Crushers batting - Pitching for Bakersfield Bears : RHP Pablo Gastelum
|
|
Pitching: RHP Pablo Gastelum
|
|
|
Batting: LHB Kal Daniels
|
0-0: SINGLE (Line Drive, 3D, EV 109.4 MPH)
|
|
Batting: RHB Dave Lebeau
|
0-0: Called Strike Kal Daniels steals 2nd base 0-1: Ball 1-1: Called Strike 1-2: Foul Ball, location: 2F 1-2: Foul Ball, location: 2F 1-2: Hit by Pitch
|
|
Batting: RHB Carmelo Martinez
|
0-0: Called Strike Kal Daniels steals 3rd base Dave Lebeau to second 0-1: Fly out, F7 (Flyball, 78M, EV 83.8 MPH) Runner from 3rd tags up, SCORES, throw by LF
|
|
Batting: LHB Fred McGriff
|
0-0: Called Strike 0-1: Ball 1-1: Foul Ball, location: 2F 1-2: Foul Ball, location: 2F 1-2: Ground out 6-3 (Groundball, 56, EV 78.8 MPH)
|
|
Batting: RHB Terry McGriff
|
0-0: Called Strike 0-1: Ball 1-1: Called Strike 1-2: Ball 2-2: Strikes out looking
|
| Bottom of the 1st over - 1 run, 1 hit, 0 errors, 1 left on base; Bakersfield 1 - Lodi 1 |
| TOP OF THE 2ND |
|
Bakersfield Bears batting - Pitching for Lodi Crushers : RHP Homer Moncrief
|
|
Batting: RHB Steven Houlberg
|
0-0: Ball 1-0: Ball 2-0: Ball 3-0: Called Strike 3-1: Called Strike 3-2: Foul Ball, location: 2F 3-2: Strikes out swinging
|
|
Batting: RHB Jeff Rudolph
|
0-0: SINGLE (Groundball, 6MD, EV 110.0 MPH)
|
|
Batting: RHB Kalvin Adams
|
0-0: Ball 1-0: SINGLE (Line Drive, 34, EV 107.5 MPH) Jeff Rudolph to second
|
|
Batting: LHB John Shoemaker
|
0-0: Swinging Strike 0-1: Ball 1-1: Swinging Strike 1-2: Grounds into double play, 5-4-3 (Groundball, 56, EV 78.8 MPH)
|
| Top of the 2nd over - 0 runs, 2 hits, 0 errors, 1 left on base; Bakersfield 1 - Lodi 1 |
| BOTTOM OF THE 2ND |
|
Lodi Crushers batting - Pitching for Bakersfield Bears : RHP Pablo Gastelum
|
|
Batting: RHB Mark Van Blaricom
|
0-0: Ball 1-0: Ball 2-0: Called Strike 2-1: Ball 3-1: Base on Balls
|
|
Batting: RHB Ron Karkovice
|
0-0: Ball 1-0: Ball 2-0: Foul Ball, location: 2F 2-1: Ball 3-1: SINGLE (Flyball, 5D, EV 88.1 MPH) Mark Van Blaricom to second
|
|
Batting: LHB Jeff Reed
|
0-0: Ball 1-0: Called Strike 1-1: DOUBLE (Groundball, 3L, EV 110.0 MPH) Mark Van Blaricom scores Ron Karkovice to third
|
|
Batting: RHB Chris Baker
|
0-0: Foul Ball, location: 2F 0-1: DOUBLE (Flyball, 3D, EV 98.1 MPH) Ron Karkovice scores Jeff Reed scores
|
|
Batting: LHB Kal Daniels
|
0-0: Ball 1-0: Ball 2-0: DOUBLE (Line Drive, 89XD, EV 104.4 MPH) Chris Baker scores
|
|
Batting: RHB Dave Lebeau
|
0-0: Called Strike 0-1: Ball 1-1: Ball 2-1: Ball Kal Daniels steals 3rd base 3-1: Foul Ball, location: 2F 3-2: Foul Ball, location: 2F 3-2: 2-RUN HOME RUN (Flyball, 78XD, EV 93.8 MPH), Distance : 415 ft
|
|
Pitching: RHP Melville Lowman
|
|
|
Batting: RHB Carmelo Martinez
|
0-0: Ball 1-0: Fly out, F8 (Flyball, 89D, EV 93.8 MPH)
|
|
Batting: LHB Fred McGriff
|
0-0: Ball 1-0: Ball 2-0: Ball 3-0: Called Strike 3-1: Called Strike 3-2: Foul Ball, location: 2F 3-2: SINGLE (Groundball, 34D, EV 95.6 MPH)
|
|
Batting: RHB Terry McGriff
|
0-0: Swinging Strike 0-1: Ball 1-1: Foul Ball, location: 2F 1-2: Foul Ball, location: 2F 1-2: Fly out, F4 (Line Drive, 4, EV 73.1 MPH)
|
|
Batting: RHB Mark Van Blaricom
|
0-0: Called Strike 0-1: Called Strike 0-2: Fielders Choice at 2nd, 6-4 (Groundball, 56, EV 86.3 MPH)
|
| Bottom of the 2nd over - 6 runs, 6 hits, 0 errors, 1 left on base; Bakersfield 1 - Lodi 7 |
| TOP OF THE 3RD |
|
Bakersfield Bears batting - Pitching for Lodi Crushers : RHP Homer Moncrief
|
|
Batting: LHB Kevin Waller
|
0-0: Called Strike 0-1: Swinging Strike 0-2: Ball 1-2: Ball 2-2: Foul Ball, location: 2F 2-2: Strikes out looking
|
|
Batting: RHB Antonio Alicea
|
0-0: Called Strike 0-1: Ground out 4-3 (Groundball, 4, EV 91.9 MPH)
|
|
Batting: RHB Randy Kutcher
|
0-0: Reached on error, E5 (Groundball, 5, EV 79.4 MPH)
|
|
Batting: LHB Gregory DeLaune
|
0-0: Called Strike 0-1: Ball 1-1: Fly out, F8 (Flyball, 8RM, EV 91.9 MPH)
|
| Top of the 3rd over - 0 runs, 0 hits, 1 error, 1 left on base; Bakersfield 1 - Lodi 7 |
| BOTTOM OF THE 3RD |
|
Lodi Crushers batting - Pitching for Bakersfield Bears : RHP Melville Lowman
|
|
Batting: RHB Ron Karkovice
|
0-0: Called Strike 0-1: Ball 1-1: Ball 2-1: SINGLE (Groundball, 6D, EV 98.1 MPH)
|
|
Batting: LHB Jeff Reed
|
0-0: Foul Ball, location: 2F 0-1: Called Strike 0-2: Foul Ball, location: 2F 0-2: Ball 1-2: Ball Ron Karkovice steals 2nd base 2-2: Foul Ball, location: 2F 2-2: Ground out 4-3 (Groundball, 4, EV 85.6 MPH) Ron Karkovice to third
|
|
Batting: RHB Chris Baker
|
0-0: Called Strike 0-1: Fly out, F3 (Popup, 23F, EV 86.3 MPH)
|
|
Batting: LHB Kal Daniels
|
0-0: Foul Ball, location: 2F 0-1: Ball 1-1: Swinging Strike 1-2: Foul Ball, location: 2F 1-2: Strikes out swinging
|
| Bottom of the 3rd over - 0 runs, 1 hit, 0 errors, 1 left on base; Bakersfield 1 - Lodi 7 |
| TOP OF THE 4TH |
|
Bakersfield Bears batting - Pitching for Lodi Crushers : RHP Homer Moncrief
|
|
Batting: RHB Trey Brooks
|
0-0: Ball 1-0: Ball 2-0: Called Strike 2-1: Fly out, F4 (Popup, 4D, EV 54.4 MPH)
|
|
Batting: RHB Steven Houlberg
|
0-0: Ball 1-0: Ball 2-0: Swinging Strike 2-1: Swinging Strike 2-2: Strikes out looking
|
|
Batting: RHB Jeff Rudolph
|
0-0: Ball 1-0: Ground out 5-3 (Groundball, 56, EV 81.9 MPH)
|
| Top of the 4th over - 0 runs, 0 hits, 0 errors, 0 left on base; Bakersfield 1 - Lodi 7 |
| BOTTOM OF THE 4TH |
|
Lodi Crushers batting - Pitching for Bakersfield Bears : RHP Melville Lowman
|
|
Batting: RHB Dave Lebeau
|
0-0: Ball 1-0: Foul Ball, location: 2F 1-1: Swinging Strike 1-2: Fly out, F4 (Popup, 3S, EV 89.4 MPH)
|
|
Batting: RHB Carmelo Martinez
|
0-0: Called Strike 0-1: Called Strike 0-2: Strikes out swinging
|
|
Batting: LHB Fred McGriff
|
0-0: Called Strike 0-1: Ground out 5-3 (Groundball, 56S, EV 73.1 MPH)
|
| Bottom of the 4th over - 0 runs, 0 hits, 0 errors, 0 left on base; Bakersfield 1 - Lodi 7 |
| TOP OF THE 5TH |
|
Bakersfield Bears batting - Pitching for Lodi Crushers : RHP Homer Moncrief
|
|
Batting: RHB Kalvin Adams
|
0-0: Foul Ball, location: 2F 0-1: Ball 1-1: Fly out, F6 (Flyball, 56D, EV 85.0 MPH)
|
|
Batting: LHB John Shoemaker
|
0-0: Called Strike 0-1: Foul Ball, location: 2F 0-2: Ball 1-2: Ball 2-2: Fly out, F7 (Flyball, 78M, EV 90.0 MPH)
|
|
Batting: LHB Kevin Waller
|
0-0: Called Strike 0-1: Foul Ball, location: 2F 0-2: Ball 1-2: Foul Ball, location: 2F 1-2: Ball 2-2: Ball 3-2: Foul Ball, location: 2F 3-2: Ground out 4-3 (Groundball, 4, EV 102.5 MPH)
|
| Top of the 5th over - 0 runs, 0 hits, 0 errors, 0 left on base; Bakersfield 1 - Lodi 7 |
| BOTTOM OF THE 5TH |
|
Lodi Crushers batting - Pitching for Bakersfield Bears : RHP Melville Lowman
|
|
Batting: RHB Terry McGriff
|
0-0: Ground out 4-3 (Groundball, 34, EV 85.0 MPH)
|
|
Batting: RHB Mark Van Blaricom
|
0-0: DOUBLE (Flyball, 89XD, EV 94.4 MPH)
|
|
Batting: RHB Ron Karkovice
|
0-0: Ground out 5-3 (Groundball, 56, EV 101.3 MPH)
|
|
Batting: LHB Jeff Reed
|
0-0: Ball 1-0: Ground out U3 (Groundball, 3S, EV 85.6 MPH)
|
| Bottom of the 5th over - 0 runs, 1 hit, 0 errors, 1 left on base; Bakersfield 1 - Lodi 7 |
| TOP OF THE 6TH |
|
Bakersfield Bears batting - Pitching for Lodi Crushers : RHP Homer Moncrief
|
|
Batting: RHB Antonio Alicea
|
0-0: Ball 1-0: Foul Ball, location: 2F 1-1: Ground out 4-3 (Groundball, 4S, EV 76.9 MPH)
|
|
Batting: RHB Randy Kutcher
|
0-0: Ball 1-0: Ball 2-0: Swinging Strike 2-1: Called Strike 2-2: Fly out, F9 (Flyball, 89S, EV 95.6 MPH)
|
|
Batting: LHB Gregory DeLaune
|
0-0: Ball 1-0: Ball 2-0: Called Strike 2-1: Foul Ball, location: 2F 2-2: Strikes out swinging
|
| Top of the 6th over - 0 runs, 0 hits, 0 errors, 0 left on base; Bakersfield 1 - Lodi 7 |
| BOTTOM OF THE 6TH |
|
Lodi Crushers batting - Pitching for Bakersfield Bears : RHP Melville Lowman
|
|
Batting: RHB Chris Baker
|
0-0: Ball 1-0: Ball 2-0: Swinging Strike 2-1: Ball 3-1: Base on Balls
|
|
Batting: LHB Kal Daniels
|
0-0: Ball 1-0: DOUBLE (Line Drive, 78D, EV 104.4 MPH) Chris Baker to third
|
|
Pitching: LHP Richard Cope
|
|
|
Batting: RHB Dave Lebeau
|
0-0: Fly out, F8 (Flyball, 78XD, EV 91.3 MPH) Runner from 3rd tags up, SCORES, no throw by CF Kal Daniels to third
|
|
Batting: RHB Carmelo Martinez
|
0-0: Called Strike 0-1: Swinging Strike 0-2: Strikes out looking
|
|
Batting: LHB Fred McGriff
|
0-0: Ball 1-0: Ball 2-0: Called Strike 2-1: Called Strike 2-2: Foul Ball, location: 2F 2-2: Foul Ball, location: 2F 2-2: Ball 3-2: Fly out, F8 (Flyball, 8RD, EV 84.4 MPH)
|
| Bottom of the 6th over - 1 run, 1 hit, 0 errors, 1 left on base; Bakersfield 1 - Lodi 8 |
| TOP OF THE 7TH |
|
Bakersfield Bears batting - Pitching for Lodi Crushers : RHP Homer Moncrief
|
|
Batting: RHB Trey Brooks
|
0-0: Called Strike 0-1: Foul Ball, location: 2F 0-2: Ball 1-2: Fly out, F8 (Line Drive, 8RD, EV 98.8 MPH)
|
|
Pinch Hitting: RHB Steven Roberts
|
0-0: Ball 1-0: Ball 2-0: Ball 3-0: Called Strike 3-1: Base on Balls
|
|
Batting: RHB Jeff Rudolph
|
0-0: Called Strike 0-1: Ball 1-1: Called Strike 1-2: Fly out, F7 (Flyball, 7D, EV 94.4 MPH)
|
|
Pinch Hitting: RHB Gus Malespin
|
0-0: Ball 1-0: Called Strike Steven Roberts steals 2nd base (no throw) 1-1: Foul Ball, location: 2F 1-2: Ball 2-2: SINGLE (Line Drive, 34D, EV 100.0 MPH) Steven Roberts to third Runner from 3rd tries for Home, SAFE, throw by RF to home Gus Malespin to second
|
|
Batting: LHB John Shoemaker
|
0-0: Swinging Strike 0-1: Ground out U3 (Groundball, 3, EV 78.8 MPH)
|
| Top of the 7th over - 1 run, 1 hit, 0 errors, 1 left on base; Bakersfield 2 - Lodi 8 |
| BOTTOM OF THE 7TH |
|
Lodi Crushers batting - Pitching for Bakersfield Bears : LHP Richard Cope
|
|
Now at 2B: Gus Malespin
|
|
|
Now at 3B: Steven Roberts
|
|
|
Batting: RHB Terry McGriff
|
0-0: Ball 1-0: Foul Ball, location: 2F 1-1: Ball 2-1: SOLO HOME RUN (Line Drive, 7LD, EV 100.0 MPH), Distance : 360 ft
|
|
Pinch Hitting: RHB Jose Morales
|
0-0: Ball 1-0: Ball 2-0: Foul Ball, location: 2F 2-1: Swinging Strike 2-2: Ball 3-2: Ground out 6-3 (Groundball, 6, EV 84.4 MPH)
|
|
Batting: RHB Ron Karkovice
|
0-0: Swinging Strike 0-1: Hit by Pitch
|
|
Batting: LHB Jeff Reed
|
0-0: Called Strike Balk! Ron Karkovice to second 0-1: Ball 1-1: Foul Ball, location: 2F 1-2: Ball 2-2: Foul Ball, location: 2F 2-2: Fly out, F8 (Line Drive, 8LM, EV 93.8 MPH)
|
|
Pinch Hitting: LHB Bryan Snyder
|
0-0: Called Strike 0-1: Fly out, F7 (Flyball, 7LS, EV 86.9 MPH)
|
| Bottom of the 7th over - 1 run, 1 hit, 0 errors, 1 left on base; Bakersfield 2 - Lodi 9 |
| TOP OF THE 8TH |
|
Bakersfield Bears batting - Pitching for Lodi Crushers : RHP Homer Moncrief
|
|
Now at SS: Jose Morales
|
|
|
Now in CF: Bryan Snyder
|
|
|
Batting: LHB Kevin Waller
|
0-0: Ball 1-0: Ball 2-0: SINGLE (Groundball, 34D, EV 108.8 MPH)
|
|
Batting: RHB Antonio Alicea
|
0-0: Foul Ball, location: 2F 0-1: Ball 1-1: Ball 2-1: Called Strike 2-2: Ball 3-2: Fielders Choice at 2nd, 4-6 (Groundball, 4, EV 81.3 MPH)
|
|
Batting: RHB Randy Kutcher
|
0-0: Ball 1-0: Called Strike 1-1: Ball 2-1: Ball 3-1: Foul Ball, location: 2F 3-2: Foul Ball, location: 2F 3-2: Foul Ball, location: 2F 3-2: DOUBLE (Line Drive, 89D, EV 106.9 MPH) Antonio Alicea to third
|
|
Pinch Hitting: RHB Jeff R Jones
|
0-0: Ball 1-0: Ball 2-0: Called Strike 2-1: Foul Ball, location: 2F 2-2: Fly out, F7 (Flyball, 7S, EV 97.5 MPH)
|
|
Batting: RHB Trey Brooks
|
0-0: Ball 1-0: Foul Ball, location: 2F 1-1: Ball 2-1: Fly out, F7 (Flyball, 7D, EV 99.4 MPH)
|
| Top of the 8th over - 0 runs, 2 hits, 0 errors, 2 left on base; Bakersfield 2 - Lodi 9 |
| BOTTOM OF THE 8TH |
|
Lodi Crushers batting - Pitching for Bakersfield Bears : LHP Richard Cope
|
|
Now in CF: Jeff R Jones
|
|
|
Pinch Hitting: LHB Francisco Jabalera
|
0-0: Called Strike 0-1: Swinging Strike 0-2: Ball 1-2: Foul Ball, location: 2F 1-2: Fly out, F6 (Line Drive, 6, EV 63.8 MPH)
|
|
Pinch Hitting: RHB Andy Vargas
|
0-0: Foul Ball, location: 2F 0-1: SINGLE (Groundball, 34D, EV 98.1 MPH)
|
|
Pinch Hitting: SHB Ronald Bachmeier
|
0-0: Ball 1-0: SINGLE (Groundball, 6MS, EV 75.6 MPH) (infield hit) Andy Vargas to second
|
|
Pinch Hitting: RHB Eric Monson
|
0-0: Called Strike 0-1: Ball 1-1: Called Strike 1-2: Ball 2-2: Strikes out swinging
|
|
Pinch Hitting: SHB Leon Baham
|
0-0: Foul Ball, location: 2F 0-1: Swinging Strike 0-2: Strikes out swinging
|
| Bottom of the 8th over - 0 runs, 2 hits, 0 errors, 2 left on base; Bakersfield 2 - Lodi 9 |
| TOP OF THE 9TH |
|
Bakersfield Bears batting - Pitching for Lodi Crushers : RHP Homer Moncrief
|
|
Now at 1B: Steve Aragon
|
|
|
Now at 2B: Andy Vargas
|
|
|
Now at 3B: Eric Monson
|
|
|
Now in LF: Francisco Jabalera
|
|
|
Now in RF: Ronald Bachmeier
|
|
|
Batting: RHB Steven Roberts
|
0-0: Ground out 6-3 (Groundball, 6, EV 101.3 MPH)
|
|
Batting: RHB Jeff Rudolph
|
0-0: Foul Ball, location: 2F 0-1: Ball 1-1: Ball 2-1: Ball 3-1: Ground out 1-3 (Groundball, 34S, EV 70.6 MPH)
|
|
Batting: RHB Gus Malespin
|
0-0: Ball 1-0: Called Strike 1-1: Foul Ball, location: 2F 1-2: Ball 2-2: Ball 3-2: Fly out, F7 (Flyball, 78M, EV 78.8 MPH)
|
| Top of the 9th over - 0 runs, 0 hits, 0 errors, 0 left on base; Bakersfield 2 - Lodi 9 |
|